 Dungeon Crawl Stone Soup version 0.27-a0-492-ga4bb394fd4 (webtiles) character file.

Game seed: 10246619142106816142

134 DiceMaster the Sneak (level 4, -1/21 HPs)
             Began as a Spriggan Enchanter on Mar 2, 2021.
             Slain by a centaur skeleton (5 damage)
             ... on level 3 of the Dungeon.
             The game lasted 00:06:21 (2709 turns).

DiceMaster the Sneak (Spriggan Enchanter)           Turns: 2709, Time: 00:06:21

Health: -1/21      AC:  2    Str:  4    XL:     4   Next: 95%
Magic:  8/10       EV: 19    Int: 16    God:
Gold:   143        SH:  0    Dex: 16    Spells: 4/10 levels left

rFire    . . .     SeeInvis +   a - +1 dagger
rCold    . . .     Faith    .   (shield restricted)
rNeg     . . .     Spirit   .   b - +0 robe
rPois    .         Reflect  .   (helmet restricted)
rElec    .         Harm     .   (no cloak)
rCorr    .         Rampage  .   (gloves unavailable)
Will     .....                  (boots unavailable)
Stlth    +++.......             (no amulet)
HPRegen  0.07/turn              (no ring)
MPRegen  0.12/turn              (no ring)

@: very quick
A: very small, unfitting armour, see invisible, speed 3
a: no special abilities


You were on level 3 of the Dungeon.
You visited 1 branch of the dungeon, and saw 3 of its levels.

You collected 143 gold pieces.

Inventory:

Hand Weapons
 a - a +1 dagger (weapon)
Armour
 b - a +0 robe (worn)
Scrolls
 c - a scroll of amnesia {unknown}
 d - 3 scrolls of teleportation {unknown}
 e - a scroll of fear {unknown}
 h - a scroll of enchant armour {unknown}
 j - a scroll of enchant weapon {unknown}
 k - a scroll of identify {unknown}
 l - a scroll of immolation {unknown}
Potions
 f - a potion of resistance {unknown}
 g - a potion of mutation {unknown}
 i - 2 potions of degeneration {unknown}


   Skills:
 + Level 2.4 Short Blades
 + Level 3.8 Dodging
 + Level 5.5 Stealth
 + Level 3.7 Spellcasting
 + Level 4.5 Hexes


You had 4 spell levels left.
You knew the following spells:

 Your Spells              Type           Power        Failure   Level
a - Corona                Hex            18%          2%          1
b - Ensorcelled Hibernat  Hex/Ice        20%          11%         2
c - Confusing Touch       Hex            17%          9%          3

Your spell library contained the following spells:

 Spells                   Type           Power        Failure   Level
 Tukima's Dance           Hex            17%          9%          3
 Dazzling Flash           Conj/Hex       20%          21%         3


Dungeon Overview and Level Annotations

Branches:
Dungeon (3/15)

Altars:


Innate Abilities, Weirdness & Mutations

You are very small and have problems with some larger weapons.
You are too small for most types of armour.
You have supernaturally acute eyesight. (SInv)
You cover ground extremely quickly.


Message History

The centaur skeleton hits you.
* * * LOW HITPOINT WARNING * * *
You hit the centaur skeleton.
The centaur skeleton is heavily damaged.
The centaur skeleton hits you.
* * * LOW HITPOINT WARNING * * *
The centaur skeleton stops glowing.
You see here a goblin corpse.
You start resting.
A centaur skeleton is nearby!
You hit the centaur skeleton.
The centaur skeleton is severely damaged.
The centaur skeleton hits you!
Casting: Corona (safe; 2% risk of failure)
Confirm with . or Enter, or press ? or * to list all spells.
Aiming: Corona (safe; 2% risk of failure)
Press: ? - help, Shift-Dir - straight line, f/p - centaur skeleton
Aim: a centaur skeleton (severely damaged, chance to affect: 67%)
The centaur skeleton barely resists.
Casting: Corona (safe; 2% risk of failure)
Confirm with . or Enter, or press ? or * to list all spells.
Aiming: Corona (safe; 2% risk of failure)
Press: ? - help, Shift-Dir - straight line, f/p - centaur skeleton
Aim: a centaur skeleton (severely damaged, chance to affect: 67%)
The centaur skeleton is outlined in light.
You hit the centaur skeleton.
The centaur skeleton is severely damaged.
The centaur skeleton closely misses you.
The centaur skeleton completely misses you.
You hit the centaur skeleton.
The centaur skeleton is almost destroyed.
The centaur skeleton completely misses you.
You hit the centaur skeleton.
The centaur skeleton is almost destroyed.
The centaur skeleton hits you.
* * * LOW HITPOINT WARNING * * *
You hit the centaur skeleton.
The centaur skeleton is almost destroyed.
The centaur skeleton hits you.
You die...

#.....# #. ##....# #.
#..### #. ###.### #.
#.....# #.
#.#Z#.###### #. #
#.#........## #.
##.#.###.###.#.######.
#....@Z.....###.......
##.#########.#.######.
... #.# #. ### ....#
#. ### ..# #. ...< ..
.#####. .. .. #.


You could see a centaur skeleton (corona).

Vanquished Creatures
  A scorpion (D:3)
  A hound skeleton (D:3)
  A gnoll (D:1)
  2 adders
  An adder skeleton (D:3)
  A worm (D:2)
  A dart slug (D:1)
  A leopard gecko (D:1)
  3 ball pythons
  4 goblins
  9 hobgoblins
  2 kobolds
  9 bats
  2 frilled lizards (D:1)
  4 rats
42 creatures vanquished.

Notes
Turn   | Place    | Note
-------+----------+-------------------------------------------
     0 | D:1      | DiceMaster the Spriggan Enchanter began the quest for the
                  | Orb.
     0 | D:1      | Reached XP level 1. HP: 9/9 MP: 5/5
   649 | D:1      | Reached XP level 2. HP: 3/13 MP: 4/6
   652 | D:1      | Learned a level 2 spell: Ensorcelled Hibernation
  1314 | D:1      | Reached XP level 3. HP: 16/16 MP: 8/8
  1660 | D:2      | Reached skill level 5 in Stealth
  1677 | D:2      | Learned a level 3 spell: Confusing Touch
  2041 | D:3      | Noticed a scorpion
  2045 | D:3      | Killed a scorpion
  2046 | D:3      | Reached XP level 4. HP: 21/21 MP: 8/10
  2456 | D:3      | HP: 1/21 [centaur skeleton (4)]
  2709 | D:3      | Slain by a centaur skeleton

Illustrated notes

Levels and vault maps discovered:
D:1:      amcnicky_arrival_wind_blow, layout_loops_ring
D:2:      layout_basic
D:3:      layout_loops_ring, serial_undead, serial_undead_c, serial_undead_b,
          serial_undead_e, serial_undead_f, serial_undead_f, serial_undead_b

Skill      XL: |  1  2  3 |
---------------+----------+-----
Dodging        | 3 |  3.8
Spellcasting   | 3 |  3.7
Hexes          | 4 |  4.5
Stealth        | 5 |  5.5
Short Blades   | 2 |  2.4

Action                   |  1- 3 |  4- 6 || total
-------------------------+-------+-------++-------
Melee: Dagger            |    99 |    56 ||   155
 Cast: Corona            |     4 |     4 ||     8
       Ensorcelled Hiber |     5 |     3 ||     8
 Stab: Sleeping          |    18 |     3 ||    21
Armor: Robe              |    11 |     6 ||    17
Dodge: Dodged            |    73 |    39 ||   112

Table legend: (Time is in decaauts)
 A = Elapsed time spent in this place.
 B = Non-inter-level travel time spent in this place.
 C = Inter-level travel time spent in this place.
 D = Time resting spent in this place.
 E = Time spent auto-exploring this place.
 F = Levels seen in this place.
 G = Mean time per level.
                   A        B        C        D        E       F      G
               +--------+--------+--------+--------+--------+-----+--------+
         Total |   2134 |   2089 |     45 |    237 |   1463 |   3 |  711.3 |
       Dungeon |   2134 |   2089 |     45 |    237 |   1463 |   3 |  711.3 |
               +--------+--------+--------+--------+--------+-----+--------+

Top non-repeatable levels by time:
     D:1: 1305 daAuts
     D:3: 541 daAuts
     D:2: 287 daAuts
